 Dungeon Crawl Stone Soup version 0.17-a0-1141-g3e25b61 (webtiles) character file.

431040 Gorice the Bludgeoner (level 23, -4/144 HPs)
             Began as a Gargoyle Wanderer on May 23, 2015.
             Was the Champion of Okawaru.
             Slain by an iron troll (14 damage)
             ... on level 4 of the Depths on May 26, 2015.
             The game lasted 08:34:55 (61126 turns).

Gorice the Bludgeoner (Gargoyle Wanderer)          Turns: 61126, Time: 08:34:55

Health: -4/144     AC: 62    Str: 21    XL:     23   Next: 91%
Magic:  38/38      EV: 13    Int: 17    God:    Okawaru [******]
Gold:   5022       SH:  0    Dex: 21    Spells: 4 memorised, 39 levels left

rFire  + + +     SeeInvis +     a - +10 dire flail "Olemed" {drain, rC+ Dex+4}
rCold  + + +     Clarity  .     J - +12 gold dragon armour of the Lily {rPois rF+ rC+ Str+3 Dex+2 Slay+2}
rNeg   + . .     SustAt   .     (no shield)
rPois  ∞         Gourm    .     H - +2 hat {MR+}
rElec  +         Spirit   .     P - +2 cloak
rCorr  .         Warding  .     T - +2 pair of gloves {archery}
rMut   .         Stasis   .     A - +2 pair of boots {run}
MR     +++..                    Y - amulet of regeneration
Stlth  ..........               g - ring of see invisible
                                R - ring of Qaaczoph {+Inv rF+ rC+ Dex+2}

@: flying, repel missiles, quick, extremely resistant to hostile enchantments,
extremely unstealthy
A: big wings, fire resistance 1, magic resistance 1, negative energy resistance
1, electricity resistance, unbreathing, petrification resistance, rot immunity,
AC +17
a: Stop Flying, Heroism, Finesse, Renounce Religion, Evoke Invisibility
}: 2/15 runes: decaying, gossamer


You were on level 4 of the Depths.
You worshipped Okawaru.
Okawaru was exalted by your worship.
You were not hungry.

You visited 8 branches of the dungeon, and saw 44 of its levels.
You also visited: Ice Cave and Volcano.

You collected 5320 gold pieces.
You spent 298 gold pieces at shops.

Inventory:

Hand weapons
 a - the +10 dire flail "Olemed" (weapon) {drain, rC+ Dex+4}
   (You found it on level 11 of the Dungeon)

   A truly terrible weapon, it drains the life of those it strikes.
   It affects your dexterity (+4).
   It protects you from cold.
 b - a +2 longbow of flaming
   (You found it in a volcano)
 B - a +0 blowgun
 D - a +1 great mace of protection
   (You took it off a tengu warrior on level 4 of the Depths)
 N - a +1 shortbow of flaming
   (Okawaru gifted it to you on level 4 of the Depths)
Missiles
 f - 571 arrows
 m - 43 arrows of frost
 q - 28 arrows of flame
 s - 15 poisoned arrows
 y - 13 curare-tipped needles
 X - 37 arrows of dispersal
Armour
 A - a +2 pair of boots of running (worn)
   (Okawaru gifted it to you on level 1 of the Spider Nest)
 H - a +2 hat of magic resistance (worn)
   (Okawaru gifted it to you on level 11 of the Dungeon)
 J - the +12 gold dragon armour of the Lily (worn) {rPois rF+ rC+ Str+3 Dex+2 Slay+2}
   (You found it on level 4 of the Vaults)

   It affects your strength (+3).
   It affects your dexterity (+2).
   It affects your accuracy and damage with ranged weapons and melee attacks
   (+2).
   It protects you from fire.
   It protects you from cold.
   It protects you from poison.
 P - a +2 cloak (worn)
 T - a +2 pair of gloves of archery (worn)
   (Okawaru gifted it to you on level 4 of the Spider Nest)
Jewellery
 c - an uncursed amulet of clarity
 d - an uncursed amulet of resist corrosion
 e - an uncursed ring of sustain attributes
 g - a ring of see invisible (right hand)
 t - an uncursed amulet of resist mutation
 R - the ring of Qaaczoph (left hand) {+Inv rF+ rC+ Dex+2}
   (You found it on level 2 of the Swamp)

   [ring of dexterity]

   It affects your dexterity (+2).
   It protects you from fire.
   It protects you from cold.
   It lets you turn invisible.
 U - an uncursed ring of protection from magic
 Y - an amulet of regeneration (around neck)
 Z - an uncursed ring of positive energy
Magical devices
 i - a wand of cold (8)
 j - a wand of lightning (7)
 n - a wand of disintegration (4)
 v - a wand of digging (5)
 w - a wand of fireball (8)
Scrolls
 l - 11 scrolls of teleportation {!r}
 o - 15 scrolls of remove curse
 z - 5 scrolls of fog
 C - 4 scrolls of blinking
 F - 11 scrolls of fear {!r}
 G - a scroll of enchant weapon
 K - 3 scrolls of summoning {!r}
 M - a scroll of magic mapping {!r}
 O - 11 scrolls of identify
Potions
 h - 26 potions of curing
 k - 3 potions of invisibility {!q}
 p - 4 potions of haste {!q}
 u - 5 potions of might {!q}
 x - 3 potions of heal wounds {!q}
 I - a potion of cancellation {!q}
 S - 4 potions of agility {!q}
 W - a potion of resistance {!q}
Miscellaneous
 L - a lantern of shadows
Comestibles
 r - 18 meat rations {!e}
 E - 16 fruits
 Q - 13 chunks of flesh


   Skills:
 - Level 15.1 Fighting
 - Level 17.5 Maces & Flails
 - Level 15.0 Bows
 - Level 15.0 Armour
 - Level 15.0 Dodging
 + Level 5.5 Stealth
   Level 1.1 Shields
 - Level 11.8 Spellcasting
 * Level 14.1 Charms
   Level 2.0 Fire Magic
 - Level 8.2 Air Magic
 - Level 8.0 Invocations
 - Level 10.1 Evocations


You had 39 spell levels left.
You knew the following spells:

 Your Spells              Type           Power        Failure   Level  Hunger
A - Apportation           Tloc           ##........   100%        1    None
B - Summon Butterflies    Summ           ##......     100%        1    None
M - Repel Missiles        Chrm/Air       #####.       6%          2    None
S - Swiftness             Chrm/Air       #####...     6%          2    None


Dungeon Overview and Level Annotations

Branches:
Dungeon (15/15)            Temple (1/1) D:6            Lair (8/8) D:11
  Swamp (4/4) Lair:6       Spider (4/4) Lair:5        Slime (0/6) Lair:8
    Orc (4/4) D:12            Elf (0/3) Orc:3        Vaults (4/5) D:14
  Crypt (0/3) Vaults:3     Depths (4/5) D:15

Altars:
Ashenzari
Cheibriados
Dithmenos
Elyvilon
Fedhas
Gozag
Kikubaaqudgha
Makhleb
Nemelex Xobeh
Okawaru
Qazlal
Ru
Sif Muna
Trog
Vehumet
Xom
Yredelemnul
Zin
The Shining One
Jiyva

Shops:
D:7 ?   Orc:4 %?:(}

Portals:
Hell: Depths:1 Depths:2 Depths:3 Depths:4
Abyss: Depths:2 Depths:4
Pandemonium: Depths:3 Depths:4
Ziggurat: Depths:3
Trove: Vaults:1 (give 18 potions of curing)

Annotations:
Lair:8 exclusion: oklob plant


Innate Abilities, Weirdness & Mutations

You are resistant to torment.
Your stone body is resilient (AC +17).
You are immune to poison.
Your large and strong wings let you fly indefinitely.
You resist negative energy.
You are resistant to electric shocks.
You can survive without breathing.
You are immune to petrification.
You are immune to rotting.
Your flesh is heat resistant.
You are resistant to hostile enchantments.


Message History

You bludgeon the deep troll shaman!!
You kill the deep troll shaman!
Okawaru accepts your kill. The iron troll completely misses you.
The iron troll claws you!!
The iron troll claws you but does no damage.
Damage: 20 (max 20) Unknown command.
The deep troll misses you. The deep troll closely misses you.
The deep troll claws you but does no damage.
You see here a deep troll corpse.
You flatten the deep troll like a pancake!!!
You drain the deep troll!
The deep troll is almost dead.
The deep troll barely misses you. x2
The deep troll claws you but does no damage.
Your gold dragon armour of the Lily prevents you from hitting the deep troll.
The deep troll is almost dead.
Your gold dragon armour of the Lily prevents you from hitting the deep troll.
The deep troll is almost dead.
The deep troll bites you. The deep troll barely misses you.
The deep troll closely misses you. The iron troll misses you.
The iron troll claws you!!
The iron troll claws you but does no damage.
Damage: 21 (max 21)
You hit the iron troll.
The iron troll is lightly wounded.
You impale the iron troll!!
The iron troll is heavily wounded.
The iron troll bites you but does no damage.
The iron troll claws you but does no damage.
The iron troll misses you.
You hit the iron troll.
The iron troll is heavily wounded.
You hit the iron troll. You drain the iron troll!
The iron troll is severely wounded.
You hit the iron troll but do no damage.
The iron troll is severely wounded.
The iron troll bites you! The iron troll claws you!!
* * * LOW HITPOINT WARNING * * *
The iron troll misses you.
Damage: 34 (max 34)
You hit the iron troll but do no damage.
You drain the iron troll!
The iron troll is severely wounded.
You puncture the iron troll! You drain the iron troll!
The iron troll is almost dead.
The iron troll bites you!!
* * * LOW HITPOINT WARNING * * *
The iron troll claws you!
You die...

#..##.##.#..# #...# #..## #.
#..##.##.#.## #...###..# ##
#..##.#..#.# ##...##..## #
#..##.#.##.# #....##..#
#..##...##.# #.#..##..#
#..##..###.########.#..#...#
#..##[.# #.............#.#.#
#..##.####.#######..#.#..#.#
#..#..# #.......@TT...#.##.#
#..#..###.########.####.#..#
#.....##...............(#.##
#...#.##.################.#######
#.......................†.!......
##......................./#######
##########################


You could see an iron troll and a deep troll.

Vanquished Creatures
  Sojobo (Depths:2)
  A caustic shrike (Depths:4)
  Saint Roka (Depths:2)
  2 golden dragons
  An Ice Fiend (IceCv)
  3 liches
  An octopode crusher (Depths:2)
  Gastronok (D:11)
  A sphinx (Vaults:4)
  Frances (D:12)
  An ancient champion (Vaults:3)
  Kirke (D:14)
  4 thorn hunters
  Roxanne (D:14)
  Wiglaf (Depths:2)
  10 fire giants
  13 vault wardens
  4 tengu reavers
  2 orc warlords
  Maud (Lair:5)
  4 ghost moths
  5 frost giants
  4 emperor scorpions
  3 deep elf sorcerers
  14 ironheart preservers
  11 stone giants
  28 very ugly things
  7 rakshasas
  4 war gargoyles (Depths:3)
  2 vampire knights
  A salamander firebrand (Depths:3)
  A deep elf annihilator (Vaults:2)
  2 green deaths (Swamp:4)
  A blizzard demon (Depths:3)
  2 merfolk javelineers (Depths:1)
  12 crystal guardians
  A death ooze (Swamp:4)
  A deep elf high priest (Depths:2)
  8 fire dragons
  7 ettins
  5 great orbs of eyes
  11 vault guards
  A fire dragon (shapeshifter) (Depths:3)
  The ghost of HEYYEYAAE the Blocker, a powerful OpFi of Gozag (Orc:4)
  Josephine (Swamp:1)
  11 yaktaur captains
  5 ice dragons
  10 centaur warriors
  2 hell beasts (Swamp:4)
  11 ogre magi
  4 entropy weavers
  11 hydras
  3 spriggan air magi
  Erica (D:9)
  Erolcha (Orc:2)
  A ghost crab (Swamp:1)
  A salamander stormcaller (Vaults:4)
  4 death yaks (Lair:8)
  A vampire mage (Depths:2)
  11 alligators
  A thrashing horror (Swamp:4)
  12 dancing weapons
  12 deep troll shamans
  A spriggan berserker (Depths:4)
  8 tengu warriors
  An orc high priest (Orc:4)
  5 deep troll earth magi
  A deep elf knight (Vaults:1)
  2 fire crabs
  Sonja (D:14)
  Nergalle (Lair:3)
  A fire crab (shapeshifter) (Vaults:4)
  3 unseen horrors (D:11)
  4 iron trolls
  7 hell knights
  6 ice devils (IceCv)
  2 skeletal warriors
  A death drake (shapeshifter) (Depths:3)
  A shadow wraith (Vaults:2)
  8 ball lightnings (Depths:3)
  A giant orange brain (shapeshifter) (Depths:3)
  2 spriggan druids
  2 giant orange brains
  16 deep trolls
  A swamp dragon (shapeshifter) (Depths:3)
  3 wizards
  10 hill giants
  6 shambling mangroves
  6 ice statues
  A flayed ghost (Vaults:3)
  9 swamp dragons
  2 obsidian statues (Depths:3)
  6 necromancers
  A golden dragon skeleton (Depths:1)
  2 deep elf summoners
  A harpy (shapeshifter) (Vaults:4)
  The ghost of Charly the Grappler, an experienced GrMo of Cheibriados (D:11)
  A lindwurm (Volcano)
  11 orc knights
  106 ugly things
  4 deep elf conjurers
  14 ironbrand convokers
  24 wolf spiders
  The ghost of futacatgirl the Covert, an experienced NaEn (D:6)
  2 phantasmal warriors
  2 harpies (Vaults:2)
  A fire giant zombie (Vaults:3)
  13 griffons
  6 cyclopes
  2 oklob plants (Swamp:2)
  13 orb spiders
  9 orc sorcerers
  18 hornets
  A moth of wrath (shapeshifter) (Depths:3)
  7 elephants
  A manticore (D:11)
  5 centaur zombies
  5 black mambas
  A frost giant skeleton (Vaults:3)
  A naga mage (D:15)
  An elephant (shapeshifter) (Depths:4)
  A stone giant skeleton (Depths:1)
  4 molten gargoyles (Depths:3)
  9 vault sentinels
  3 torpor snails
  5 gargoyles
  A large abomination (Swamp:4)
  21 spiny frogs
  A fire drake (Lair:6)
  An anaconda simulacrum (IceCv)
  5 orange demons (Swamp:4)
  A yaktaur (shapeshifter) (Depths:3)
  5 kobold demonologists
  An efreet (D:13)
  36 yaktaurs
  13 demonic crawlers
  12 komodo dragons
  A queen bee (shapeshifter) (Vaults:3)
  9 tengu conjurers
  2 fire drakes (shapeshifter)
  A merfolk (D:11)
  4 wandering mushrooms (Swamp:2)
  4 blue devils (IceCv)
  8 trolls
  A sphinx simulacrum (Vaults:1)
  6 deep elf priests
  A wind drake (shapeshifter) (Depths:3)
  A merfolk (shapeshifter) (Depths:3)
  23 blink frogs
  15 two-headed ogres
  5 boulder beetles
  15 jumping spiders
  A wind drake (Depths:3)
  25 ravens
  13 bog bodies
  A snapping turtle (Lair:6)
  9 giant leeches
  7 freezing wraiths
  8 air elementals (Depths:3)
  39 slime creatures
  2 fire giant simulacra (Depths:1)
  28 redbacks
  18 tarantellas
  17 trapdoor spiders
  A deep elf mage (D:14)
  2 redbacks (shapeshifter)
  37 yaks
  5 spriggans
  13 water elementals
  A tarantella (shapeshifter) (Depths:3)
  3 vampires
  A centaur simulacrum (D:11)
  2 golden eyes (shapeshifter)
  A dire elephant simulacrum (IceCv)
  39 vampire mosquitoes
  3 wyverns
  4 shadows
  10 fire bats (Volcano)
  9 fire elementals (Depths:3)
  A basilisk (Lair:3)
  4 hungry ghosts
  10 wraiths
  2 steam dragons
  A yaktaur simulacrum (Vaults:2)
  4 iron troll simulacra (IceCv)
  Menkaure (D:4)
  10 deep elf fighters
  8 hippogriffs
  2 harpy simulacra (IceCv)
  33 swamp worms
  4 insubstantial wisps
  3 wargs
  A mottled dragon (shapeshifter) (Depths:3)
  16 water moccasins
  5 wolves (Lair:5)
  6 mottled dragons
  53 orc warriors
  2 hydra simulacra (IceCv)
  13 porcupines
  5 ice beasts
  A necrophage (D:13)
  A hornet simulacrum (D:15)
  A black bear (shapeshifter) (Vaults:4)
  2 sky beasts
  40 ogres
  40 spiders
  3 swamp drakes
  2 black bears
  16 wasps
  14 crocodiles
  4 boggarts (Vaults:2)
  31 centaurs
  10 big kobolds
  36 giant frogs
  5 earth elementals (Depths:3)
  A scorpion (shapeshifter) (Vaults:3)
  4 scorpions
  An elf simulacrum (Vaults:3)
  2 wyvern skeletons
  9 electric eels
  13 killer bees
  A vampire bat (Lair:1)
  10 wights
  11 hounds
  6 crimson imps
  64 orc wizards
  37 orc priests
  3 quasits
  Ijyb (D:2)
  16 iguanas
  3 jellies
  4 lava snakes (Volcano)
  7 centaur skeletons
  2 giant frog skeletons
  6 worker ants
  A killer bee zombie (D:6)
  11 sheep
  A hound zombie (D:6)
  A hound skeleton (D:3)
  2 worker ant zombies
  13 adders
  2 shadow imps
  59 river rats
  A white imp (Vaults:3)
  An ufetubus (D:14)
  An adder zombie (D:9)
  An ooze (D:6)
  2 adder skeletons
  11 worms
  205 orcs
  10 giant cockroaches
  16 hobgoblins
  26 jackals
  4 ball pythons
  20 bats
  9 giant geckos
  5 giant newts
  32 goblins
  42 kobolds
  7 quokkas
  2 quokka skeletons
  A quokka zombie (D:8)
  27 rats
  33 ballistomycetes (Swamp:2)
  2 crawling corpses (Vaults:3)
  2 fungi
  2 plants
2319 creatures vanquished.

Vanquished Creatures (others)
  A tengu reaver (Depths:2)
  A dancing weapon (Depths:3)
  3 ball lightnings (Depths:3)
  A hill giant (shapeshifter) (Depths:3)
  A hornet (Swamp:2)
  2 giant orange brains (Depths:3)
  2 ugly things (Depths:3)
  A molten gargoyle (Depths:3)
  An air elemental (Depths:3)
  A shadow (D:11)
  4 water elementals (Depths:3)
  3 humans (D:14)
  2 deep elf fighters
  An insubstantial wisp (Depths:3)
  An iguana (D:9)
  An orc wizard (Orc:4)
  A worker ant (shapeshifter) (Depths:3)
  An adder (D:9)
  8 giant spores (Swamp:2)
  6 ballistomycetes (Swamp:2)
  10 fungi
  3 plants
55 creatures vanquished.

Grand Total: 2374 creatures vanquished

Notes
Turn   | Place    | Note
--------------------------------------------------------------
     0 | D:1      | Gorice the Gargoyle Wanderer began the quest for the Orb.
     0 | D:1      | Gorice set off with: a +2 shortbow, 22 arrows, a +0 ring mail, the Catalogue of Poisoning, a bread ration {!e}
     0 | D:1      | Reached XP level 1. HP: 12/12 MP: 2/2
     0 | D:1      | Identified the Catalogue of Poisoning
   162 | D:1      | Reached skill level 1 in Maces & Flails
   162 | D:1      | Reached XP level 2. HP: 15/17 MP: 3/3
   243 | D:1      | Reached skill level 2 in Fighting
   608 | D:1      | Reached XP level 3. HP: 18/21 MP: 4/4
   751 | D:2      | Reached skill level 2 in Maces & Flails
   996 | D:2      | Found a stormy altar of Qazlal.
  1002 | D:2      | Noticed Ijyb
  1010 | D:2      | Killed Ijyb
  1010 | D:2      | Reached skill level 3 in Maces & Flails
  1010 | D:2      | Reached XP level 4. HP: 27/27 MP: 5/5
  1439 | D:3      | Reached skill level 3 in Fighting
  1550 | D:3      | Reached XP level 5. HP: 32/32 MP: 6/6
  2281 | D:4      | Found a snail-covered altar of Cheibriados.
  2286 | D:4      | Noticed Menkaure
  2453 | D:4      | Reached skill level 4 in Maces & Flails
  2788 | D:4      | Reached XP level 6. HP: 33/38 MP: 7/7
  2790 | D:4      | Reached skill level 4 in Fighting
  2829 | D:4      | Killed Menkaure
  2829 | D:4      | Reached skill level 5 in Maces & Flails
  2914 | D:4      | Noticed an ogre
  2937 | D:4      | Killed an ogre
  2937 | D:4      | Reached XP level 7. HP: 44/44 MP: 8/8
  2990 | D:4      | Noticed an ogre
  3047 | D:4      | HP: 4/44 [ogre/giant spiked club (13)]
  3444 | D:4      | Killed an ogre
  3444 | D:4      | Reached skill level 5 in Fighting
  3444 | D:4      | Reached skill level 6 in Maces & Flails
  3721 | D:5      | Entered Level 5 of the Dungeon
  4043 | D:5      | Got a brightly glowing scale mail
  4054 | D:5      | Identified the +1 scale mail of Failure {rN+ Slay+3} (You found it on level 5 of the Dungeon)
  4110 | D:5      | Found a sacrificial altar of Ru.
  4152 | D:5      | Reached XP level 8. HP: 24/51 MP: 9/9
  4208 | D:5      | HP: 15/51 [orc wizard/magic dart (7)]
  4215 | D:5      | Reached skill level 7 in Maces & Flails
  4436 | D:5      | Reached skill level 6 in Fighting
  4455 | D:5      | HP: 15/51 [shadow imp/nerve-wracking pain (12)]
  4859 | D:5      | Found a white marble altar of Elyvilon.
  4860 | D:5      | Found a glowing golden altar of the Shining One.
  4861 | D:5      | Found a glowing silver altar of Zin.
  5206 | D:6      | Noticed futacatgirl's ghost (experienced NaEn)
  5251 | D:6      | Killed futacatgirl's ghost
  5251 | D:6      | Reached skill level 7 in Fighting
  5251 | D:6      | Reached skill level 8 in Maces & Flails
  5251 | D:6      | Reached XP level 9. HP: 52/57 MP: 10/10
  5291 | D:6      | Reached skill level 9 in Maces & Flails
  5326 | D:6      | Upgraded the game from 0.17-a0-1115-g0372368 to 0.17-a0-1129-g5854844
  6475 | D:6      | Found a staircase to the Ecumenical Temple.
  6481 | Temple   | Entered the Ecumenical Temple
  6578 | Temple   | Became a worshipper of Warmaster Okawaru
  6795 | D:7      | Reached skill level 8 in Fighting
  6795 | D:7      | Reached skill level 10 in Maces & Flails
  7081 | D:7      | HP: 16/59 [orc wizard/puff of frost (6)]
  7083 | D:7      | HP: 4/59 [orc priest/divine providence (12)]
  7090 | D:7      | HP: 15/59 [orc wizard/puff of frost (1)]
  7095 | D:7      | HP: 11/59 [orc wizard/puff of flame (5)]
  7475 | D:7      | Acquired Okawaru's first power
  7629 | D:7      | Found Belukhowope's Magic Scroll Boutique.
  7634 | D:7      | Bought a scroll of identify for 22 gold pieces
  7902 | D:7      | Bought a scroll of teleportation for 33 gold pieces
  7902 | D:7      | Bought a scroll of teleportation for 33 gold pieces
  7902 | D:7      | Bought a scroll of fear for 38 gold pieces
  8060 | D:8      | Reached skill level 11 in Maces & Flails
  8060 | D:8      | Reached XP level 10. HP: 65/65 MP: 11/11
  8257 | D:8      | Reached skill level 9 in Fighting
  8343 | D:8      | You fall through a shaft for 3 floors!
  8343 | D:11     | Found a staircase to the Lair.
  8343 | D:11     | Noticed Charly's ghost (experienced GrMo)
  8404 | D:11     | Killed Charly's ghost
  8422 | D:11     | Noticed a red ugly thing
  8428 | D:11     | HP: 14/66 [red ugly thing (11)]
  8439 | D:11     | Killed a red ugly thing
  8692 | D:11     | Noticed a hill giant
  8788 | D:11     | Noticed a hill giant
  8829 | D:11     | Noticed an unseen horror
  8829 | D:11     | Noticed a manticore
  8855 | D:11     | Reached skill level 12 in Maces & Flails
  8886 | D:11     | Noticed an unseen horror
  8898 | D:11     | Killed an unseen horror
  8898 | D:11     | Reached skill level 2 in Armour
  8898 | D:11     | Reached skill level 1 in Invocations
  8901 | D:11     | Reached skill level 10 in Fighting
  8901 | D:11     | Reached skill level 2 in Invocations
  8930 | D:11     | Reached skill level 3 in Armour
  8956 | D:11     | Killed a hill giant
  8956 | D:11     | Reached skill level 4 in Armour
  9063 | D:10     | Entered Level 10 of the Dungeon
  9097 | D:10     | Reached skill level 3 in Invocations
  9103 | D:10     | Reached XP level 11. HP: 52/72 MP: 13/13
  9225 | D:10     | You fall through a shaft!
  9263 | D:10     | Reached skill level 5 in Armour
  9465 | D:9      | Reached skill level 6 in Armour
  9703 | D:8      | You fall through a shaft!
 10067 | D:9      | Acquired Okawaru's second power
 10077 | D:9      | Reached skill level 7 in Armour
 10091 | D:9      | Received a gift from Okawaru
 10098 | D:9      | Got a smoking hat {god gift}
 10104 | D:9      | Identified the +0 hat of Okawaru's Supremacy {rCorr Dex+4} (Okawaru gifted it to you on level 9 of the Dungeon)
 10134 | D:9      | HP: 18/73 [yak (9)]
 10362 | D:9      | Noticed Erica
 10369 | D:9      | Killed Erica
 10369 | D:9      | Reached skill level 11 in Fighting
 10369 | D:9      | Reached skill level 8 in Armour
 10610 | D:9      | Found a shattered altar of Ashenzari.
 11099 | D:10     | Noticed a hill giant
 11111 | D:10     | Killed a hill giant
 11553 | D:10     | Reached skill level 9 in Armour
 11593 | D:11     | Noticed Gastronok
 11688 | D:11     | Noticed a cyclops
 11688 | D:11     | Noticed an unseen horror
 11963 | Lair:1   | Entered Level 1 of the Lair of Beasts
 12672 | Lair:1   | Reached XP level 12. HP: 36/80 MP: 14/14
 12795 | Lair:1   | Reached skill level 4 in Invocations
 12859 | Lair:1   | Reached skill level 10 in Armour
 13516 | Lair:1   | Learned a level 2 spell: Repel Missiles
 13519 | Lair:1   | Learned a level 2 spell: Swiftness
 13710 | Lair:2   | Learned a level 1 spell: Summon Butterflies
 13721 | Lair:2   | Learned a level 1 spell: Apportation
 14165 | Lair:2   | Reached skill level 5 in Invocations
 14296 | Lair:2   | Reached skill level 12 in Fighting
 14643 | Lair:3   | Reached skill level 11 in Armour
 15153 | Lair:3   | Noticed Nergalle
 15168 | Lair:3   | Killed Nergalle
 15168 | Lair:3   | Reached skill level 6 in Invocations
 15642 | Lair:3   | Received a gift from Okawaru
 15920 | Lair:1   | Identified a scroll of acquirement
 16464 | Lair:4   | Found a runed door.
 16466 | Lair:4   | Noticed a six-headed hydra
 16477 | Lair:4   | Killed a six-headed hydra
 16477 | Lair:4   | Reached skill level 12 in Armour
 16550 | Lair:4   | Reached XP level 13. HP: 87/87 MP: 18/18
 17046 | Lair:5   | Found a hole to the Spider Nest.
 17067 | Lair:5   | Reached skill level 7 in Invocations
 17203 | Lair:5   | Found a dark tunnel.
 17211 | Volcano  | Entered a volcano
 17359 | Volcano  | Found a bloodstained altar of Trog.
 17534 | Lair:5   | Noticed Maud
 17551 | Lair:5   | Killed Maud
 17551 | Lair:5   | Reached skill level 13 in Fighting
 17616 | Lair:5   | Received a gift from Okawaru
 17616 | Lair:5   | Reached skill level 13 in Armour
 18676 | Lair:6   | Found a staircase to the Shoals.
 18876 | Lair:6   | Reached skill level 8 in Invocations
 18939 | Lair:6   | Found a staircase to the Swamp.
 19291 | Lair:7   | Received a gift from Okawaru
 19299 | Lair:7   | Found a glowing golden altar of the Shining One.
 19474 | Lair:7   | Received a gift from Okawaru
 19562 | Lair:7   | Received a gift from Okawaru
 19562 | Lair:7   | Reached skill level 14 in Armour
 20574 | Lair:8   | Entered Level 8 of the Lair of Beasts
 20626 | Lair:7   | Gained mutation: Your large and strong wings let you fly indefinitely. [Gargoyle growth]
 20626 | Lair:7   | Reached XP level 14. HP: 90/95 MP: 20/20
 20839 | Lair:8   | Reached skill level 14 in Fighting
 21039 | Lair:7   | Reached skill level 15 in Armour
 21149 | Lair:7   | Received a gift from Okawaru
 21231 | Lair:8   | Reached skill level 5 in Bows
 21367 | Lair:8   | HP: 26/96 [fire crab] (7)]
 21368 | Lair:8   | Received a gift from Okawaru
 21595 | Lair:8   | Reached skill level 6 in Bows
 21615 | Lair:8   | HP: 23/96 [death yak (9)]
 21624 | Lair:8   | HP: 20/96 [vampire mosquito (7)]
 21946 | Lair:8   | Found a viscous altar of Jiyva.
 21947 | Lair:8   | Found a staircase to the Slime Pits.
 22013 | Lair:8   | Reached skill level 7 in Bows
 22933 | D:11     | Killed a hill giant
 22951 | D:11     | Killed an unseen horror
 22959 | D:11     | Killed an unseen horror
 22968 | D:11     | Killed a cyclops
 22985 | D:11     | HP: 28/96 [manticore (8)]
 22989 | D:11     | Killed a manticore
 22989 | D:11     | Reached skill level 8 in Bows
 23114 | D:11     | Got a warped dire flail
 23186 | D:11     | Identified the +10 dire flail "Olemed" {drain, rC+ Dex+4} (You found it on level 11 of the Dungeon)
 23209 | D:11     | Killed Gastronok
 23209 | D:11     | Received a gift from Okawaru
 23570 | D:12     | Noticed Frances
 23586 | D:12     | Killed Frances
 23586 | D:12     | Reached skill level 15 in Fighting
 23586 | D:12     | Reached skill level 9 in Bows
 23821 | D:12     | Found a staircase to the Orcish Mines.
 24072 | D:11     | Reached XP level 15. HP: 94/103 MP: 21/21
 24485 | Orc:1    | Entered Level 1 of the Orcish Mines
 24499 | Orc:1    | Reached skill level 1 in Charms
 24726 | Orc:2    | Noticed Erolcha
 24735 | Orc:2    | Killed Erolcha
 25613 | Orc:3    | Reached skill level 10 in Bows
 25613 | Orc:3    | Reached skill level 2 in Charms
 26197 | Orc:3    | Found a staircase to the Elven Halls.
 26353 | Orc:4    | Entered Level 4 of the Orcish Mines
 26412 | Orc:4    | Reached skill level 3 in Charms
 26842 | Orc:4    | Found Ojyaruemo's Food Emporium.
 26891 | Orc:4    | Noticed HEYYEYAAE's ghost (powerful OpFi)
 26925 | Orc:4    | Killed HEYYEYAAE's ghost
 27001 | Orc:4    | Reached skill level 4 in Charms
 27124 | Orc:3    | Received a gift from Okawaru
 27206 | Orc:4    | Found Toczopyk's Book Shoppe.
 27206 | Orc:4    | Found Miphuq's Magic Scroll Shoppe.
 27206 | Orc:4    | Found Onuqoig's Weapon Emporium.
 27211 | Orc:4    | Found Goem Bau's Gadget Emporium.
 27281 | Orc:4    | Bought a scroll of blinking for 112 gold pieces
 27281 | Orc:4    | Bought a scroll of identify for 30 gold pieces
 27281 | Orc:4    | Bought a scroll of identify for 30 gold pieces
 27282 | Orc:4    | Gained mutation: Your flesh is heat resistant. [potion of beneficial mutation]
 27335 | Orc:4    | Received a gift from Okawaru
 28258 | D:13     | Found a deep blue altar of Sif Muna.
 28389 | D:13     | Reached skill level 11 in Bows
 28489 | D:13     | Received a gift from Okawaru
 28511 | D:13     | Reached skill level 5 in Charms
 28909 | D:13     | You are sucked into a shaft for 2 floors!
 28909 | D:15     | Entered Level 15 of the Dungeon
 29061 | D:14     | Noticed Sonja
 29093 | D:14     | Killed Sonja
 29127 | D:14     | Reached skill level 6 in Charms
 29181 | D:14     | Received a gift from Okawaru
 29349 | D:14     | Noticed Kirke
 29362 | D:14     | Killed Kirke
 29362 | D:14     | Reached skill level 12 in Bows
 29362 | D:14     | Reached skill level 7 in Charms
 29480 | D:14     | Reached XP level 16. HP: 108/108 MP: 22/22
 29807 | D:14     | Noticed Roxanne
 29902 | D:14     | Received a gift from Okawaru
 29903 | D:14     | Got an ichor-stained buckler {god gift}
 30283 | D:14     | Found a gate to the Vaults.
 30440 | D:14     | Killed Roxanne
 30528 | D:15     | Reached skill level 8 in Charms
 30730 | D:15     | Noticed a fire giant
 30732 | D:15     | Noticed a frost giant
 31061 | D:15     | Killed a fire giant
 31061 | D:15     | Reached skill level 13 in Bows
 31343 | D:15     | Found a staircase to the Depths.
 31707 | D:11     | Reached skill level 9 in Charms
 31762 | Lair:1   | Identified the +0 buckler of the Present {Dex+3} (Okawaru gifted it to you on level 14 of the Dungeon)
 32015 | Swamp:1  | Entered Level 1 of the Swamp
 32015 | Swamp:1  | Noticed Josephine
 32026 | Swamp:1  | Killed Josephine
 32054 | Lair:6   | HP: 32/108 [vampire mosquito (4)]
 32291 | Lair:6   | HP: 22/108 [very large slime creature (41)]
 32822 | Swamp:1  | Got a translucent leather armour
 32906 | Swamp:1  | Noticed a thorn hunter
 32919 | Swamp:1  | Killed a thorn hunter
 32932 | Swamp:1  | Received a gift from Okawaru
 32933 | Swamp:1  | Got a translucent hunting sling {god gift}
 33258 | Swamp:1  | Reached skill level 10 in Charms
 33424 | Lair:6   | Identified the +5 leather armour of the Ladybird {+Blink rF- rCorr} (You found it on level 1 of the Swamp)
 33437 | Lair:6   | Identified the +5 hunting sling "Naalyig" {velocity, rC+ Stlth+} (Okawaru gifted it to you on level 1 of the Swamp)
 33500 | Swamp:2  | Reached skill level 14 in Bows
 33601 | Swamp:2  | Reached skill level 2 in Spellcasting
 33700 | Swamp:2  | Got a heavily runed amber ring
 33707 | Swamp:2  | Identified the ring of Qaaczoph {+Inv rF+ rC+ Dex+2} (You found it on level 2 of the Swamp)
 33837 | Swamp:2  | Reached skill level 3 in Spellcasting
 33837 | Swamp:2  | Reached XP level 17. HP: 110/113 MP: 23/23
 33867 | Swamp:2  | Noticed a thorn hunter
 33878 | Swamp:2  | Killed a thorn hunter
 34020 | Swamp:2  | Reached skill level 4 in Spellcasting
 34409 | Swamp:2  | Noticed a thorn hunter
 34424 | Swamp:2  | Killed a thorn hunter
 34503 | Swamp:2  | HP: 30/113 [shambling mangrove (8)]
 34529 | Swamp:2  | Reached skill level 5 in Spellcasting
 35101 | Swamp:3  | Received a gift from Okawaru
 35582 | Swamp:3  | Reached skill level 15 in Bows
 35660 | Swamp:3  | Reached skill level 6 in Spellcasting
 36113 | Swamp:4  | Entered Level 4 of the Swamp
 36753 | Swamp:4  | Received a gift from Okawaru
 36926 | Swamp:4  | Reached skill level 7 in Spellcasting
 37259 | Swamp:4  | Reached skill level 1 in Air Magic
 37548 | Swamp:4  | Received a gift from Okawaru
 37548 | Swamp:4  | Reached skill level 2 in Air Magic
 37599 | Swamp:4  | HP: 32/113 [hell beast (12)]
 37779 | Swamp:4  | Received a gift from Okawaru
 37827 | Swamp:4  | Reached skill level 3 in Air Magic
 37931 | Swamp:4  | Got a decaying rune of Zot
 38299 | Lair:1   | Upgraded the game from 0.17-a0-1129-g5854844 to 0.17-a0-1133-gfb1399f
 38472 | Spider:1 | Entered Level 1 of the Spider Nest
 38476 | Spider:1 | Reached XP level 18. HP: 119/119 MP: 29/29
 38511 | Spider:1 | Found a frozen archway.
 38520 | IceCv    | Entered an ice cave
 38538 | IceCv    | Reached skill level 8 in Spellcasting
 38780 | IceCv    | Reached skill level 4 in Air Magic
 39024 | IceCv    | Noticed an Ice Fiend
 39040 | IceCv    | Killed an Ice Fiend
 39057 | IceCv    | Got a brightly glowing robe
 39058 | IceCv    | Identified the +2 robe "Amuddav" {rPois rF+ Str+6 Dex-4} (You found it in an ice cave)
 39214 | Spider:1 | Received a gift from Okawaru
 39235 | Spider:1 | Reached skill level 9 in Spellcasting
 39242 | Spider:1 | Reached skill level 5 in Air Magic
 39248 | Spider:1 | Identified a +2 pair of boots of running (Okawaru gifted it to you on level 1 of the Spider Nest)
 40112 | Spider:2 | Reached skill level 13 in Maces & Flails
 40645 | Spider:2 | You are sucked into a shaft!
 41190 | Spider:3 | Reached skill level 14 in Maces & Flails
 41942 | Spider:4 | Entered Level 4 of the Spider Nest
 41958 | Spider:4 | Reached skill level 1 in Dodging
 42100 | Spider:4 | Reached skill level 10 in Spellcasting
 42318 | Spider:4 | Reached skill level 2 in Dodging
 42515 | Spider:4 | Got a warped leather armour
 42516 | Spider:4 | Identified the +1 leather armour of Freedom {rElec MR- Str-4 Dex+3} (You found it on level 4 of the Spider Nest)
 42837 | Spider:4 | Received a gift from Okawaru
 42873 | Spider:4 | Reached skill level 3 in Dodging
 43006 | Spider:4 | Reached skill level 4 in Dodging
 43135 | Spider:4 | Received a gift from Okawaru
 43237 | Spider:4 | Reached skill level 5 in Dodging
 43387 | Spider:4 | Got a gossamer rune of Zot
 43447 | Spider:4 | Reached skill level 6 in Dodging
 43447 | Spider:4 | Reached XP level 19. HP: 116/124 MP: 0/33
 44343 | Lair:1   | Gorice: sorry got to stop for a bit now
 44403 | Vaults:1 | Entered Level 1 of the Vaults
 44422 | D:14     | Reached skill level 7 in Dodging
 44872 | Vaults:1 | Reached skill level 8 in Dodging
 44916 | Vaults:1 | HP: 27/124 [ice dragon/blast of cold (12)]
 45183 | Vaults:1 | Received a gift from Okawaru
 45401 | Vaults:1 | Reached skill level 9 in Dodging
 45434 | Vaults:1 | Received a gift from Okawaru
 45746 | Vaults:1 | Received a gift from Okawaru
 45761 | Vaults:1 | Got a pair of spiked gloves {god gift}
 45819 | Vaults:1 | Identified the +1 pair of gloves of the Dwarven Hall {+Inv rN+} (Okawaru gifted it to you on level 1 of the Vaults)
 46014 | Vaults:1 | Reached skill level 10 in Dodging
 46328 | Vaults:1 | Found a portal to a secret trove of treasure.
 47185 | Vaults:2 | Reached skill level 11 in Dodging
 47717 | Vaults:2 | Reached XP level 20. HP: 118/129 MP: 34/34
 47959 | Vaults:2 | Reached skill level 12 in Dodging
 48110 | Vaults:2 | Received a gift from Okawaru
 48467 | Vaults:2 | Gained mutation: You are resistant to hostile enchantments. [potion of beneficial mutation]
 48487 | Vaults:2 | Received a gift from Okawaru
 48820 | Vaults:2 | Upgraded the game from 0.17-a0-1133-gfb1399f to 0.17-a0-1141-g3e25b61
 48928 | Vaults:3 | Reached skill level 13 in Dodging
 49147 | Vaults:3 | Received a gift from Okawaru
 49304 | Vaults:3 | Received a gift from Okawaru
 49511 | Vaults:3 | Reached skill level 14 in Dodging
 49883 | Vaults:3 | Received a gift from Okawaru
 49892 | Vaults:3 | Got a scorched plate armour {god gift}
 50136 | D:14     | Identified the +1 plate armour of Inevitability {rPois} (Okawaru gifted it to you on level 3 of the Vaults)
 50468 | Vaults:3 | Found a staircase to the Crypt.
 50758 | Vaults:3 | Reached XP level 21. HP: 134/134 MP: 35/35
 50853 | Vaults:3 | Reached skill level 15 in Dodging
 51135 | Vaults:3 | Reached skill level 2 in Evocations
 51555 | Vaults:4 | Reached skill level 3 in Evocations
 51708 | Vaults:4 | Got a shimmering gold dragon armour
 51746 | Vaults:3 | Identified the +12 gold dragon armour of the Lily {rPois rF+ rC+ Str+3 Dex+2 Slay+2} (You found it on level 4 of the Vaults)
 51746 | Vaults:3 | --Damn that's a game changer!
 51746 | Vaults:3 | --Knackers spells but the str+3 = 21, 2 more by xpl27
 51750 | Vaults:3 | --AC = 60!
 52101 | Vaults:4 | Reached skill level 4 in Evocations
 52165 | Vaults:4 | Reached skill level 15 in Maces & Flails
 52486 | Vaults:4 | Reached skill level 5 in Evocations
 52526 | Vaults:4 | Received a gift from Okawaru
 52540 | Vaults:4 | Got a bloodstained hat {god gift}
 52552 | Vaults:4 | Identified the +1 hat "Wodomud" {+Inv rPois Str+4} (Okawaru gifted it to you on level 4 of the Vaults)
 52745 | Vaults:4 | Reached skill level 16 in Maces & Flails
 52966 | Vaults:4 | Reached skill level 6 in Evocations
 53834 | Depths:1 | Entered Level 1 of the Depths
 54072 | Depths:1 | Reached skill level 7 in Evocations
 54096 | Depths:1 | Reached skill level 17 in Maces & Flails
 54393 | Depths:1 | Received a gift from Okawaru
 54404 | Depths:1 | Reached skill level 8 in Evocations
 54480 | Depths:1 | Reached XP level 22. HP: 132/140 MP: 36/36
 54889 | Depths:1 | Reached skill level 9 in Evocations
 54901 | Depths:1 | Found a gateway to Hell.
 55080 | Depths:1 | Found a shimmering altar of Xom.
 55239 | Depths:1 | Received a gift from Okawaru
 55589 | Depths:2 | Received a gift from Okawaru
 55589 | Depths:2 | Reached skill level 10 in Evocations
 55612 | Depths:2 | Noticed Sojobo
 55640 | Depths:2 | HP: 38/140 [deep troll (17)]
 55643 | Depths:2 | HP: 3/140 [deep troll earth mage (18)]
 55983 | Depths:2 | Reached skill level 6 in Air Magic
 56046 | Depths:2 | Received a gift from Okawaru
 56047 | Depths:2 | Got a polished hat {god gift}
 56166 | Depths:2 | Got a slimy plate armour
 56272 | Depths:1 | Identified the +2 hat of the Furies {*Drain rC+ Str+4 Dex+2} (Okawaru gifted it to you on level 2 of the Depths)
 56294 | Depths:1 | Identified the +3 plate armour "Baaq Lutili" {rF+} (You took it off a deep elf high priest on level 2 of the Depths)
 56517 | Depths:1 | Reached skill level 7 in Air Magic
 56739 | Depths:2 | Killed Sojobo
 56739 | Depths:2 | Reached skill level 11 in Charms
 56835 | Depths:2 | Noticed Saint Roka
 56913 | Depths:2 | Killed Saint Roka
 57152 | Depths:2 | Found a one-way gate to the infinite horrors of the Abyss.
 57267 | Depths:2 | Received a gift from Okawaru
 57369 | Depths:2 | Noticed Wiglaf
 57382 | Depths:2 | Killed Wiglaf
 57435 | Depths:2 | Reached skill level 8 in Air Magic
 57704 | Depths:3 | Reached XP level 23. HP: 144/144 MP: 37/37
 57953 | Depths:3 | Reached skill level 11 in Spellcasting
 57976 | Depths:3 | Received a gift from Okawaru
 58062 | Depths:3 | Received a gift from Okawaru
 58062 | Depths:3 | Reached skill level 12 in Charms
 58541 | Depths:3 | Received a gift from Okawaru
 58695 | Depths:3 | Found a one-way gate leading to the halls of Pandemonium.
 58704 | Depths:3 | Identified the Tome of Unreason
 58844 | Depths:3 | Reached skill level 13 in Charms
 58845 | Depths:3 | Found a gateway to a ziggurat.
 59232 | Depths:3 | Reached skill level 1 in Stealth
 59706 | Depths:4 | Received a gift from Okawaru
 59719 | Depths:4 | Reached skill level 2 in Stealth
 59851 | Depths:4 | Reached skill level 3 in Stealth
 59992 | Depths:4 | Received a gift from Okawaru
 60299 | Depths:4 | Received a gift from Okawaru
 60299 | Depths:4 | Reached skill level 4 in Stealth
 60959 | Depths:4 | Reached skill level 14 in Charms
 60997 | Depths:4 | Received a gift from Okawaru
 60997 | Depths:4 | Reached skill level 5 in Stealth
 61124 | Depths:4 | HP: 34/144 [iron troll (20)]
 61126 | Depths:4 | HP: 10/144 [iron troll (25)]
 61126 | Depths:4 | Slain by an iron troll

Vault maps used:
D:1:      dpeg_arrival_long_road
D:2:      grunt_qazlal_sundering, first_bread, uniq_iyjb
D:3:      minmay_door_path
D:4:      cheibriados_altar_1, uniq_menkaure
D:5:      good_gods_temple_1, nicolae_ru_the_path_less_chosen
D:6:      minmay_temple_entry_fiery
D:7:      serial_shops, kennysheep_little_box
D:9:      lemuel_crystal_altar, lemuel_old_faithful, uniq_erica
D:11:     due_lair_maze_entry_diamond, hangedman_fish_farm, minivault_12,
          uniq_gastronok
D:12:     erik_orc_2, minmay_misc_feat_alley, uniq_frances
D:13:     basic_altar, worms_lemuel
D:14:     hangedman_vaults_entry_quadrant_bands, nrook_pool_corridor,
          minivault_24, uniq_kirke, uniq_roxanne, uniq_sonja
D:15:     grunt_enter_depths_magical_seal, hangedman_decor_opposing,
          dispersion_dpeg
Temple:   circular_temple_12
Lair:1:   forest_paths, roderic_batcave, serial_bayou_shore_b,
          serial_bayou_shore_a
Lair:2:   beast_lair_carwin_large_3
Lair:3:   grunt_megastairs_2, uniq_nergalle
Lair:4:   pf_torpor_hydra
Lair:5:   spider_nest_entry_a, lightli_volcano_entry_magma_tube,
          infiniplex_staircase_pool, uniq_maud
Lair:6:   swamp_mist, minmay_shoals_entry_hut
Lair:7:   basic_altar
Lair:8:   minmay_lair_end_frog_pond, slime_altar_1, lemuel_fruit_tree
Swamp:1:  nicolae_swamp_round_clearing, uniq_josephine
Swamp:2:  nicolae_swamp_phyte_club, evilmike_swamp_ruin_house_3
Swamp:3:  hangedman_swamp_lotus, swamp_pool1, cheibrodos_swamp_slimy
Swamp:4:  swamp_vile
Spider:1: portal_ice_cave_entry_pillars_01
Spider:2: nicolae_spider_cling_halls
Spider:3: cheibrodos_spider_creepycove
Spider:4: guppyfry_spider_rune, nicolae_spider_cling_ruins
Orc:2:    minmay_orc_keep, uniq_erolcha
Orc:3:    nicolae_orc_pool_cavern
Orc:4:    st_orc_mages, serial_shops, nicolae_shop_waterfront
Vaults:1: st_smaller_cells, vaults_room_door_ring, vaults_dpeg_spiral,
          vaults_dpeg_hooks, nicolae_vaults_rhombus_7, v_pattern_4,
          grunt_vaults_twisty, hangedman_vaults_slice, v_misc_29,
          nicolae_vaults_mini_display_case, nicolae_vaults_yaktaur_gun_rack,
          vaults_room_semicircle, ontoclasm_vaults_idyll, trove_entry_hex_spiral
Vaults:2: v_misc_3, vaults_room_corners, v_alt_pattern_1, v_misc_10,
          vaults_room_grid, vaults_mumra_chevron, v_misc_12,
          ontoclasm_vaults_pinch
Vaults:3: v_misc_19, st_lattice, ontoclasm_vaults_ligature,
          minmay_crypt_entry_simple_plaza, grunt_vaults_bifocal,
          vaults_room_pools, serial_ice_g, hangedman_vaults_trim, v_misc_4,
          nicolae_vaults_what_the_h, vaults_mumra_minichess_inversion,
          v_misc_13, v_misc_13, nicolae_vaults_ring_of_whatevers,
          vaults_room_semicircle, vaults_room_corners
Vaults:4: nicolae_vaults_circle_grid_a, vaults_mumra_bighexcomb,
          hangedman_vaults_impose, nicolae_vaults_little_squares_4,
          v_alt_pattern_1, vaults_room_hallway, hangedman_vaults_maws,
          vaults_mumra_chevron_long, hangedman_vaults_trim,
          dpeg_vaults_monster_box
Depths:1: kennysheep_four_of_diamonds, serial_bayou_ford_a, hell_entry, tgw_xom
Depths:2: minmay_strange_plus, infiniplex_staircase_pool_2,
          abyss_entry_small_statue_room, pf_coc_iceberg, uniq_sojobo,
          uniq_wiglaf, uniq_saint_roka
Depths:3: radiant_caverns_b_rkd, pan_entry, hell_entry
Depths:4: cheibrodos_birdhouse, corexii_hall_statues_s, rand_demon_pan_entry_1,
          hell_entry, abyss_entry, spider_trap, minmay_three_doors
IceCv:    ice_cave_tombish
Volcano:  volcano_grotto

Action                   |  1- 3 |  4- 6 |  7- 9 | 10-12 | 13-15 | 16-18 | 19-21 | 22-24 || total
-------------------------+-------+-------+-------+-------+-------+-------+-------+-------++-------
Melee: Whip              |   114 |   169 |   289 |   862 |   787 |       |       |       ||  2221
       Flail             |       |       |       |    15 |       |       |       |       ||    15
       Dire flail        |       |       |       |       |   808 |  1706 |  1760 |   975 ||  5249
       Longbow           |       |       |       |       |       |       |     4 |       ||     4
 Fire: Shortbow          |     8 |    46 |   182 |   256 |       |       |       |       ||   492
       Longbow           |       |       |       |    18 |   583 |   738 |   707 |   494 ||  2540
       Blowgun           |       |       |       |       |     2 |       |       |       ||     2
Throw: Stone             |       |       |     1 |       |       |       |       |       ||     1
       Tomahawk          |       |       |     1 |     2 |       |       |       |       ||     3
 Cast: Repel Missiles    |       |       |       |       |       |     3 |    12 |     5 ||    20
Invok: Heroism           |       |       |       |     5 |    15 |     7 |       |     3 ||    30
       Finesse           |       |       |       |       |     2 |       |       |       ||     2
 Abil: Fly               |       |       |       |       |     2 |     5 |       |     1 ||     8
       Stop Flying       |       |       |       |       |     1 |       |       |     1 ||     2
Evoke: Wand              |       |       |       |       |     4 |     1 |       |       ||     5
  Use: Scroll            |     1 |     6 |     9 |    16 |    11 |     9 |     6 |     6 ||    64
       Potion            |       |       |     5 |     2 |     3 |     1 |     1 |     1 ||    13
 Stab: Invisible         |       |       |     2 |       |       |       |       |       ||     2
  Eat: Chunk             |       |     7 |    16 |    28 |    48 |    36 |    37 |    14 ||   186
       Pizza             |       |       |       |     1 |     1 |       |       |     1 ||     3
       Bread ration      |       |       |       |       |     1 |     1 |       |     2 ||     4
       Beef jerky        |       |       |       |       |     1 |       |       |       ||     1
       Fruit             |       |       |       |       |       |     4 |       |       ||     4
       Meat ration       |       |       |       |       |       |     3 |       |       ||     3
       Royal jelly       |       |       |       |       |       |     1 |       |       ||     1

Table legend:
 A = Turns spent in this place as a percentage of turns spent in the entire game.
 B = Non-inter-level travel turns spent in this place as a percentage of non-inter-level travel turns spent in the entire game.
 C = Inter-level travel turns spent in this place as a percentage of turns spent in this place.
 D = Turns resting spent in this place as a percentage of non-inter-level travel turns spent in this place.
 E = Turns spent auto-exploring this place as a percentage of non-inter-level travel turns spent in this place.
 F = Non-inter-level travel turns spent in this place divided by the number of levels of this place that you've seen.
                   A       B       C       D       E      F
               +-------+-------+-------+-------+-------+----------------------
         Total | 100.0 | 100.0 |   0.5 |   0.9 |   2.6 | 692.2
       Dungeon |  26.0 |  26.0 |   0.5 |   0.9 |   3.5 | 551.5
        Temple |   0.2 |   0.2 |   0.0 |   0.0 |  13.4 |  67.0
          Lair |  17.1 |  17.0 |   0.9 |   1.0 |   2.6 | 677.4
         Swamp |  10.5 |  10.5 |   0.4 |   1.0 |   2.1 | 833.0
   Spider Nest |   7.5 |   7.5 |   0.5 |   0.7 |   3.3 | 599.8
  Orcish Mines |   6.3 |   6.3 |   0.4 |   0.8 |   2.2 | 504.0
        Vaults |  16.4 |  16.4 |   0.3 |   0.7 |   2.3 | 1308.2
        Depths |  13.8 |  13.9 |   0.2 |   0.9 |   2.1 | 1103.8
      Ice Cave |   1.4 |   1.4 |   0.0 |   2.2 |   0.0 | 456.0
       Volcano |   0.7 |   0.7 |   0.0 |   3.0 |   0.0 | 230.0
               +-------+-------+-------+-------+-------+----------------------

Vault maps used:
D:1:      dpeg_arrival_long_road
D:2:      grunt_qazlal_sundering, first_bread, uniq_iyjb
D:3:      minmay_door_path
D:4:      cheibriados_altar_1, uniq_menkaure
D:5:      good_gods_temple_1, nicolae_ru_the_path_less_chosen
D:6:      minmay_temple_entry_fiery
D:7:      serial_shops, kennysheep_little_box
D:9:      lemuel_crystal_altar, lemuel_old_faithful, uniq_erica
D:11:     due_lair_maze_entry_diamond, hangedman_fish_farm, minivault_12,
          uniq_gastronok
D:12:     erik_orc_2, minmay_misc_feat_alley, uniq_frances
D:13:     basic_altar, worms_lemuel
D:14:     hangedman_vaults_entry_quadrant_bands, nrook_pool_corridor,
          minivault_24, uniq_kirke, uniq_roxanne, uniq_sonja
D:15:     grunt_enter_depths_magical_seal, hangedman_decor_opposing,
          dispersion_dpeg
Temple:   circular_temple_12
Lair:1:   forest_paths, roderic_batcave, serial_bayou_shore_b,
          serial_bayou_shore_a
Lair:2:   beast_lair_carwin_large_3
Lair:3:   grunt_megastairs_2, uniq_nergalle
Lair:4:   pf_torpor_hydra
Lair:5:   spider_nest_entry_a, lightli_volcano_entry_magma_tube,
          infiniplex_staircase_pool, uniq_maud
Lair:6:   swamp_mist, minmay_shoals_entry_hut
Lair:7:   basic_altar
Lair:8:   minmay_lair_end_frog_pond, slime_altar_1, lemuel_fruit_tree
Swamp:1:  nicolae_swamp_round_clearing, uniq_josephine
Swamp:2:  nicolae_swamp_phyte_club, evilmike_swamp_ruin_house_3
Swamp:3:  hangedman_swamp_lotus, swamp_pool1, cheibrodos_swamp_slimy
Swamp:4:  swamp_vile
Spider:1: portal_ice_cave_entry_pillars_01
Spider:2: nicolae_spider_cling_halls
Spider:3: cheibrodos_spider_creepycove
Spider:4: guppyfry_spider_rune, nicolae_spider_cling_ruins
Orc:2:    minmay_orc_keep, uniq_erolcha
Orc:3:    nicolae_orc_pool_cavern
Orc:4:    st_orc_mages, serial_shops, nicolae_shop_waterfront
Vaults:1: st_smaller_cells, vaults_room_door_ring, vaults_dpeg_spiral,
          vaults_dpeg_hooks, nicolae_vaults_rhombus_7, v_pattern_4,
          grunt_vaults_twisty, hangedman_vaults_slice, v_misc_29,
          nicolae_vaults_mini_display_case, nicolae_vaults_yaktaur_gun_rack,
          vaults_room_semicircle, ontoclasm_vaults_idyll, trove_entry_hex_spiral
Vaults:2: v_misc_3, vaults_room_corners, v_alt_pattern_1, v_misc_10,
          vaults_room_grid, vaults_mumra_chevron, v_misc_12,
          ontoclasm_vaults_pinch
Vaults:3: v_misc_19, st_lattice, ontoclasm_vaults_ligature,
          minmay_crypt_entry_simple_plaza, grunt_vaults_bifocal,
          vaults_room_pools, serial_ice_g, hangedman_vaults_trim, v_misc_4,
          nicolae_vaults_what_the_h, vaults_mumra_minichess_inversion,
          v_misc_13, v_misc_13, nicolae_vaults_ring_of_whatevers,
          vaults_room_semicircle, vaults_room_corners
Vaults:4: nicolae_vaults_circle_grid_a, vaults_mumra_bighexcomb,
          hangedman_vaults_impose, nicolae_vaults_little_squares_4,
          v_alt_pattern_1, vaults_room_hallway, hangedman_vaults_maws,
          vaults_mumra_chevron_long, hangedman_vaults_trim,
          dpeg_vaults_monster_box
Depths:1: kennysheep_four_of_diamonds, serial_bayou_ford_a, hell_entry, tgw_xom
Depths:2: minmay_strange_plus, infiniplex_staircase_pool_2,
          abyss_entry_small_statue_room, pf_coc_iceberg, uniq_sojobo,
          uniq_wiglaf, uniq_saint_roka
Depths:3: radiant_caverns_b_rkd, pan_entry, hell_entry
Depths:4: cheibrodos_birdhouse, corexii_hall_statues_s, rand_demon_pan_entry_1,
          hell_entry, abyss_entry, spider_trap, minmay_three_doors
IceCv:    ice_cave_tombish
Volcano:  volcano_grotto
